 Dungeon Crawl Stone Soup version 0.30-a0-782-ge64f9170bb (webtiles) character file.

Game seed: 4270929314897967911

5772 Leeroy the Nimble (level 10, -1/68 HPs)
             Began as a Merfolk Gladiator on Feb 25, 2023.
             Was a Priest of Uskayaw.
             Slain by a tengu warrior
             ... wielding a +2 long sword
              (2 damage)
             ... on level 9 of the Dungeon.
             The game lasted 00:13:45 (12490 turns).

Leeroy the Nimble (Merfolk Gladiator)              Turns: 12490, Time: 00:13:45

Health: -1/68      AC:  8    Str: 16    XL:     10   Next: 78%
Magic:  10/10      EV: 22    Int:  7    God:    Uskayaw [***...]
Gold:   319        SH:  0    Dex: 19    Spells: 9/9 levels left

rFire   . . .      SeeInvis .    H - +3 long sword
rCold   + . .      Faith    .    (no shield)
rNeg    . . .      Spirit   .    D - +1 robe {Will+}
rPois   +          Reflect  .    c - +0 helmet
rElec   .          Harm     .    z - +0 cloak
rCorr   .          Rampage  .    f - +1 pair of gloves
Will    +....                    w - +0 pair of boots
Stlth   ++                       s - amulet of the acrobat
HPRegen 0.31/turn                h - ring of poison resistance
MPRegen 0.12/turn                W - ring of protection from cold

@: mighty
A: (nimble swimmer 2), mertail
a: Renounce Religion, Stomp, Line Pass


You were on level 9 of the Dungeon.
You worshipped Uskayaw.
Uskayaw was noncommittal.
You visited 2 branches of the dungeon, and saw 10 of its levels.

You collected 479 gold pieces.
You spent 160 gold pieces at shops.

Inventory:

Hand Weapons
 a - a +0 long sword
 q - a +0 falchion of holy wrath
 G - a +0 rapier
 H - a +3 long sword (weapon)
 I - a +3 short sword
 J - a +5 short sword of freezing
 K - the +5 dagger of the Bouncing Shrikes {pain, Stlth+}
   (You found it on level 5 of the Dungeon)

   Stlth:     It makes you more stealthy.
 L - the +1 falchion of Wapagely {flame, *Noise rElec rF+ Int+2}
   (You bought it in a shop on level 1 of the Dungeon)

   Int:       It affects your intelligence (+2).
   rF:        It protects you from fire.
   rElec:     It insulates you from electricity.
   *Noise:    It may make noises in combat.
Missiles
 d - a throwing net
 e - a javelin
 g - 11 atropa-tipped darts (quivered)
 i - 26 poisoned darts
 T - 3 curare-tipped darts
Armour
 b - a +0 leather armour
 c - a +0 helmet (worn)
 f - a +1 pair of gloves (worn)
 w - a +0 pair of boots (worn)
 z - a +0 cloak (worn)
 D - a +1 robe of willpower (worn)
 M - a +1 robe of willpower
 U - a scarf of resistance
Jewellery
 h - a ring of poison resistance (left hand)
 s - an amulet of the acrobat (around neck)
 Q - an amulet of faith
 W - a ring of protection from cold (right hand)
Wands
 m - a wand of iceblast (9)
 F - a wand of digging (10)
 N - a wand of charming (2)
 S - a wand of mindburst (16)
Scrolls
 l - 2 scrolls of enchant armour
 n - 2 scrolls of blinking {unknown}
 o - a scroll of teleportation
 p - a scroll of summoning {unknown}
 r - a scroll of noise {unknown}
 t - a scroll of torment {unknown}
 x - a scroll of poison {unknown}
 y - a scroll of silence
 A - a scroll of magic mapping {unknown}
 E - 2 scrolls of immolation {unknown}
 P - a scroll of enchant weapon {unknown}
 R - a scroll of amnesia {unknown}
 V - a scroll of vulnerability {unknown}
 X - a scroll of identify
Potions
 j - 3 potions of cancellation
 k - 4 potions of flight
 u - a potion of mutation {unknown}
 v - 4 potions of attraction {unknown}
 B - 7 potions of curing
 O - 2 potions of lignification {unknown}


   Skills:
 + Level 2.5 Fighting
 - Level 14.0 Long Blades
 - Level 2.0 Throwing
 - Level 14.3 Dodging
 * Level 0.9 Invocations


You had 9 spell levels left.
You didn't know any spells.
Your spell library contained the following spells:

 Spells                   Type           Power      Damage    Failure   Level
 Necrotise                Necr           0%         1d4       43%         1
 Kindle Blastsparks       Fire/Tloc/Air  0%         2d10      80%         3
 Vampiric Draining        Necr           0%         2d6       80%         3
 Fulminant Prism          Conj/Hex       0%         3d5       99%         4
 Iskenderun's Mystic Bla  Conj/Tloc      0%         2d3       99%         4
 Agony                    Necr           0%         N/A       100%        5
 Lee's Rapid Deconstruct  Erth           0%         3d4*      100%        5
 Summon Forest            Summ/Tloc      0%         N/A       100%        5
 Summon Mana Viper        Hex/Summ       0%         N/A       100%        5
 Summon Cactus Giant      Summ           0%         N/A       100%        6


Dungeon Overview and Level Annotations

Branches:
Dungeon (9/15)             Temple (1/1) D:5
   Lair: D:8-11         Orc: D:9-12

Altars:
Ashenzari
Cheibriados
Dithmenos
Elyvilon
Fedhas
Gozag
Hepliaklqana
Kikubaaqudgha
Nemelex Xobeh
Qazlal
Sif Muna
Uskayaw
Vehumet
Wu Jian
Xom
Yredelemnul
Zin
The Shining One

Shops:
D:1 (


Innate Abilities, Weirdness & Mutations

((You are very nimble when in or above water. (Stealth+, EV+, Speed+++)))
Your lower body shifts to a powerful aquatic tail in water.


Message History

The tengu warrior claws you.
You slash the tengu warrior!
The tengu warrior is heavily wounded.
The tengu warrior completely misses you.
The tengu warrior pecks you but does no damage.
The tengu warrior misses you. The tengu warrior blocks your attack.
The tengu warrior is heavily wounded.
The tengu warrior blocks your attack.
The tengu warrior is heavily wounded.
The tengu warrior hits you with a +2 long sword.
* * * LOW HITPOINT WARNING * * *
The tengu warrior completely misses you.
The tengu warrior claws you.
* * * LOW HITPOINT WARNING * * *
You slash the tengu warrior!
The tengu warrior is heavily wounded.
The tengu warrior misses you.
The tengu warrior pecks you but does no damage.
The tengu warrior claws you but does no damage.
Uskayaw will force your foes to helplessly watch your dance.
Uskayaw prepares the audience for your solo!
The helpless tengu warrior fails to defend itself.
You slice the tengu warrior!!
The tengu warrior is almost dead.
The tengu conjurer is no longer paralysed.
The tengu warrior is no longer paralysed.
The tengu warrior completely misses you. x2
The tengu warrior claws you.
* * * LOW HITPOINT WARNING * * *
You hit the tengu warrior. Your punch misses the tengu warrior.
The tengu warrior is almost dead.
The tengu warrior blocks your attack.
The tengu warrior is almost dead.
The tengu warrior hits you with a +2 long sword.
* * * LOW HITPOINT WARNING * * *
The tengu warrior pecks you.
* * * LOW HITPOINT WARNING * * *
The tengu warrior claws you.
You die...

z### ...♣♣ ..{...♣♣♣ ###
Q~..... #.# .....♣ #.# ....
#.# ###♣.♣ #.# ♣♣Q{Q.♣
#####.#♣♣♣@♣♣.D♣♣ #####
#.....#.♣..♣♣..o♣ ....#
#.###.#♣[♣♣.♣♣♣♣.♣ ###.#
#.# #.#♣♣♣♣♣...♣♣♣ #.# #.#
#.#######♣.♣######
#.###.###.#♣...♣♣..)♣♣...♣#
#..<......#.♣♣♣..♣♣♣..♣♣♣.#
#.#######.#.♣ ♣..♣ ♣..♣ ♣.#
#.# #.#.♣♣♣.[♣♣♣..♣♣♣.#


You could see a tengu warrior and a tengu conjurer.

Vanquished Creatures
  A hornet (D:9)
  Grinder (D:5)
  A wraith (D:9)
  7 yaks
  2 water moccasins (D:8)
  4 orc warriors
  2 black bears
  An ogre (D:5)
  2 centaurs
  2 phantoms
  5 kobold brigands
  A gnoll sergeant (D:9)
  5 bullfrogs
  A necrophage (D:5)
  5 scorpions
  7 wights
  11 killer bees
  A howler monkey (D:9)
  A crimson imp (D:7)
  A bullfrog skeleton (D:5)
  6 orc priests
  4 hounds
  2 jellies (D:7)
  An iguana (D:4)
  13 orc wizards
  A scorpion zombie (D:5)
  A scorpion simulacrum (D:5)
  A killer bee simulacrum (D:5)
  12 gnolls
  4 adders
  2 shadow imps
  4 white imps
  An ufetubus (D:7)
  A worm (D:4)
  2 dart slugs
  30 orcs
  4 endoplasms
  2 giant cockroaches
  9 hobgoblins
  10 jackals
  18 kobolds
  4 quokkas
  5 ball pythons
  4 bats
  18 frilled lizards
  5 goblins
  5 rats
230 creatures vanquished.

Vanquished Creatures (others)
  15 plants
  19 withered plants (D:5)
34 creatures vanquished.

Grand Total: 264 creatures vanquished

Notes
Turn   | Place    | Note
-------+----------+-------------------------------------------
     0 | D:1      | Leeroy the Merfolk Gladiator began the quest for the Orb.
     0 | D:1      | Reached XP level 1. HP: 16/16 MP: 1/1
    89 | D:1      | Reached XP level 2. HP: 16/22 MP: 2/2
   297 | D:1      | Reached skill level 5 in Long Blades
   297 | D:1      | Reached XP level 3. HP: 22/27 MP: 3/3
   407 | D:1      | Found Zyvobahe's Antique Weapon Shop.
   928 | D:2      | Reached XP level 4. HP: 32/33 MP: 4/4
  1131 | D:2      | Found a glowing golden altar of the Shining One.
  1190 | D:2      | Became a worshipper of the Shining One
  2071 | D:2      | Reached XP level 5. HP: 29/38 MP: 5/5
  2727 | D:4      | Reached XP level 6. HP: 44/44 MP: 6/6
  3300 | D:4      | Found a stormy altar of Qazlal.
  3305 | D:4      | Found a hide-covered altar of Uskayaw.
  3313 | D:4      | Found a white marble altar of Elyvilon.
  3321 | D:4      | Fell from the grace of the Shining One
  3321 | D:4      | Became a worshipper of Uskayaw the Reveller
  3394 | D:5      | Entered Level 5 of the Dungeon
  3394 | D:5      | Noticed a black bear
  3400 | D:4      | Reached * piety under Uskayaw
  3403 | D:4      | Reached ** piety under Uskayaw
  3405 | D:4      | Killed a black bear
  3727 | D:5      | Reached XP level 7. HP: 33/50 MP: 7/7
  3853 | D:5      | Reached *** piety under Uskayaw
  4063 | D:5      | Found a staircase to the Ecumenical Temple.
  4153 | D:5      | Noticed Grinder
  4157 | D:5      | Reached skill level 10 in Long Blades
  4167 | D:5      | Paralysed by Grinder for 5 turns
  4185 | D:5      | Reached **** piety under Uskayaw
  4188 | D:5      | Paralysed by Grinder for 5 turns
  4203 | D:5      | Paralysed by Grinder for 4 turns
  4217 | D:5      | Killed Grinder
  4367 | D:5      | Reached XP level 8. HP: 55/56 MP: 8/8
  4913 | D:5      | Reached ***** piety under Uskayaw
  5082 | D:5      | Identified the +5 dagger of the Bouncing Shrikes {pain,
                  | Stlth+}
  5251 | D:1      | Bought a dazzling falchion for 160 gold pieces
  5251 | D:1      | Identified the +1 falchion of Wapagely {flame, *Noise rElec
                  | rF+ Int+2} (You bought it in a shop on level 1 of the
                  | Dungeon)
  5831 | D:6      | Reached XP level 9. HP: 52/61 MP: 9/9
  7910 | D:5      | Reached skill level 5 in Dodging
  7989 | Temple   | Entered the Ecumenical Temple
  8382 | D:6      | You fall into a shaft and drop 1 floor!
  9137 | D:7      | Found an ornate altar of the Wu Jian Council.
  9427 | D:8      | Found a glowing silver altar of Zin.
  9434 | D:8      | Noticed a torpor snail
  9435 | D:8      | Found a snail-covered altar of Cheibriados.
  9435 | D:8      | Noticed a torpor snail
  9436 | D:8      | Noticed a torpor snail
  9576 | D:8      | Reached skill level 10 in Dodging
  9583 | D:8      | Reached XP level 10. HP: 37/67 MP: 10/10
 10813 | D:9      | Found a glowing golden altar of the Shining One.
 11013 | D:9      | Found a broken altar of Ashenzari.
 11681 | D:9      | Noticed an eight-headed hydra
 12199 | D:9      | Noticed a necromancer
 12469 | D:9      | Noticed a tengu warrior
 12490 | D:9      | HP: 3/68 [tengu warrior/+2 long sword (6)]
 12490 | D:9      | HP: 1/68 [tengu warrior/+2 long sword (2)]
 12490 | D:9      | Slain by a tengu warrior

Illustrated notes

Levels and vault maps discovered:
D:1:      lemuel_arrival_behind_the_door_large, layout_loops_ring, serial_shops,
          shop, reono_crystal_passage, chequers_avenue
D:2:      layout_basic, basic_altar, kennysheep_crisscross, grunt_ministairs_11,
          minmay_lizard_king
D:3:      layout_rooms
D:4:      layout_cave_pools, minmay_overflow_temple_star_quad, st_stairs_13
D:5:      layout_loops_ring, minmay_temple_entry_poolview,
          dilly_guarded_unrand_morg, uniq_grinder
D:6:      layout_cave_pools
D:7:      layout_basic, nzn_wu_jian_council_hall, minmay_fire_ice_demons
D:8:      layout_layer_cave, mainiacjoe_overflow_brackets, cheibriados_altar_2,
          serial_bayou_pond_b
D:9:      nzn_winding_woodlands_three_and_one
          [nzn_winding_woodlands_5x15_garden,
          nzn_winding_woodlands_5x15_crooked, nzn_winding_woodlands_5x15_zeroes,
          nzn_winding_woodlands_center_pierced_h], layout_loops_ring,
          mainiacjoe_overflow_six_doors_small, old_standard_altar, uniq_pikel
Temple:   chequers_temple_sunken

Skill      XL: |  1  2  3  4  5  6  7  8  9 10 |
---------------+-------------------------------+-----
Long Blades    | 4 5 6 7 9 11 13 14 | 14.0
Dodging        | 11 14 | 14.3
Fighting       | |  2.5
Throwing       | |  2.0
Invocations    | |  0.9

Action                     |  1- 3 |  4- 6 |  7- 9 | 10-12 || total
---------------------------+-------+-------+-------+-------++-------
  Melee: Long sword        |    88 |   249 |   309 |   210 ||   856
         Punch             |       |     1 |     3 |     7 ||    11
         Falchion          |       |       |    74 |     7 ||    81
  Throw: Throwing net      |       |       |     4 |       ||     4
         Dart              |       |       |       |     2 ||     2
    Use: Scroll            |       |       |     3 |     4 ||     7
         Potion            |       |       |     2 |     2 ||     4
   Stab: Sleeping          |     3 |     1 |     1 |       ||     5
         Paralysed         |       |       |    18 |     9 ||    27
         Held in net/web   |       |       |     4 |       ||     4
         Distracted        |       |       |       |     1 ||     1
 Armour: Leather armour    |    28 |   102 |    13 |       ||   143
         Robe              |       |       |    75 |    29 ||   104
  Dodge: Dodged            |    80 |   250 |   248 |   196 ||   774

Table legend: (Time is in decaauts)
 A = Elapsed time spent in this place.
 B = Non-inter-level travel time spent in this place.
 C = Inter-level travel time spent in this place.
 D = Time resting spent in this place.
 E = Time spent auto-exploring this place.
 F = Levels seen in this place.
 G = Mean time per level.
                   A        B        C        D        E       F      G
               +--------+--------+--------+--------+--------+-----+--------+
         Total |  12296 |  11475 |    821 |   2910 |   6515 |  10 | 1229.6 |
       Dungeon |  12173 |  11360 |    813 |   2910 |   6405 |   9 | 1352.6 |
        Temple |    123 |    116 |      7 |      0 |    110 |   1 |  123.0 |
               +--------+--------+--------+--------+--------+-----+--------+

Top non-repeatable levels by time:
     D:5: 3464 daAuts
     D:8: 1762 daAuts
     D:9: 1413 daAuts
     D:2: 1236 daAuts
     D:1: 1098 daAuts
     D:4: 874 daAuts
     D:6: 870 daAuts
     D:7: 818 daAuts
     D:3: 633 daAuts
  Temple: 123 daAuts
